 Dungeon Crawl Stone Soup version 0.25-a0-697-g890751e (webtiles) character file.

Game seed: 3751453713752758063, levelgen mode: deterministic

76851 BlueFish the Fighter (level 15, -5/127 HPs)
             Began as a Demonspawn Gladiator on Mar 31, 2020.
             Was the Champion of Makhleb.
             Slain by a red devil
             ... wielding a +0 trident
             ... summoned by an orc sorcerer
              (17 damage)
             ... on level 2 of the Orcish Mines.
             The game lasted 01:24:47 (25710 turns).

BlueFish the Fighter (Demonspawn Gladiator)        Turns: 25710, Time: 01:24:47

Health: -5/127     AC:  0    Str: 19    XL:     15   Next: 13%
Magic:  17/17      EV:  6    Int: 10    God:    Makhleb [******]
Gold:   1997       SH:  0    Dex: 16    Spells: 10/14 levels left

rFire    . . .     SeeInvis .   y - +3 demon whip (elec)
rCold    + . .     Gourm    .   (no shield)
rNeg     . . .     Faith    .   F - +2 crystal plate armour
rPois    +         Spirit   .   c - +1 helmet
rElec    .         Reflect  .   w - scarf {repulsion}
rCorr    .         Harm     .   (no gloves)
MR       +....                  k - +2 pair of boots
Stlth    ..........             (no amulet)
HPRegen  0.31/turn              l - ring of wizardry
MPRegen  0.15/turn              r - ring of poison resistance

@: corroded, drained, repel missiles
A: claws 2, thin metallic scales 2, cold resistance 1, demonic guardian 1,
powered by pain 2
a: Minor Destruction, Lesser Servant of Makhleb, Major Destruction, Greater
Servant of Makhleb, Renounce Religion


You were on level 2 of the Orcish Mines.
You worshipped Makhleb.
Makhleb was exalted by your worship.
You were not hungry.

You visited 4 branches of the dungeon, and saw 20 of its levels.
You also visited: Volcano.

You collected 2196 gold pieces.
You spent 199 gold pieces at shops.

Inventory:

Hand Weapons
 n - a +2 flail of protection
 y - a +3 demon whip of electrocution (weapon)
 B - a +4 whip of draining
Missiles
 d - 3 throwing nets (quivered)
Armour
 c - a +1 helmet (worn)
 k - a +2 pair of boots (worn)
 w - a scarf of repulsion (worn)
 F - a +2 crystal plate armour (worn)
Jewellery
 g - an uncursed ring of see invisible
 i - an uncursed ring of resist corrosion
 l - a ring of wizardry (left claw)
 r - a ring of poison resistance (right claw)
 E - an uncursed ring of protection from magic
 I - an uncursed ring of protection from cold
 J - an uncursed ring of protection from fire
 Q - a +3 ring of intelligence {unknown}
 S - an uncursed ring of magical power
Wands
 m - a wand of iceblast (13)
 q - a wand of paralysis (26)
 u - a wand of flame (38)
 G - a wand of random effects (50)
 P - a wand of polymorph (27)
Scrolls
 a - 3 scrolls of enchant weapon
 v - 6 scrolls of remove curse
 C - 8 scrolls of teleportation
 H - a scroll of silence
 M - 5 scrolls of identify
 O - a scroll of summoning {unknown}
 U - 2 scrolls of amnesia {unknown}
 V - a scroll of magic mapping
Potions
 b - 2 potions of might
 e - a potion of resistance
 h - 9 potions of curing
 j - 3 potions of flight
 s - 4 potions of mutation
 t - 3 potions of lignification
 x - a potion of cancellation
 z - 4 potions of haste
 A - 4 potions of brilliance
 D - 2 potions of heal wounds
 L - a potion of stabbing
 N - a potion of invisibility
 W - a potion of ambrosia
Miscellaneous
 p - a lightning rod (4/4)
 K - a lightning rod (4/4)
Comestibles
 f - 47 rations
 o - 6 chunks of flesh


   Skills:
 * Level 14.7(13.7) Fighting
 * Level 13.8(12.8) Maces & Flails
 + Level 1.9(1.1) Throwing
 * Level 11.9(10.9) Armour
 + Level 6.8(5.9) Dodging
 + Level 4.2(3.4) Stealth
 * Level 6.8(5.9) Hexes
 * Level 3.8(3.0) Invocations
 + Level 1.0(0.3) Evocations


You had 10 spell levels left.
You knew the following spells:

 Your Spells              Type           Power        Failure   Level  Hunger
a - Cause Fear            Hex            ##........   100%        4    #####..

Your spell library contained the following spells:

 Spells                   Type           Power        Failure   Level  Hunger
 Corona                   Hex            ##.....      80%         1    ##.....
 Slow                     Hex            ##......     89%         2    ###....
 Shock                    Conj/Air       #...         100%        1    ##.....
 Swiftness                Chrm/Air       #.......     100%        2    ###....
 Inner Flame              Hex/Fire       #.......     100%        3    ####...
 Portal Projectile        Hex/Tloc       #.....       100%        3    ####...
 Static Discharge         Conj/Air       #.......     100%        3    ####...
 Airstrike                Air            #.........   100%        4    #####..
 Leda's Liquefaction      Hex/Erth       #.........   100%        4    #####..
 Lightning Bolt           Conj/Air       #.........   100%        5    ######.


Dungeon Overview and Level Annotations

Branches:
Dungeon (11/15)            Temple (1/1) D:4            Lair (6/6) D:9
  Swamp (0/4) Lair:2        Snake (0/4) Lair:4        Slime (0/5) Lair:5
    Orc (2/2) D:9             Elf (0/3) Orc:2       Volcano (visited)

Altars:
Ashenzari
Cheibriados
Dithmenos
Elyvilon
Fedhas
Gozag
Hepliaklqana
Kikubaaqudgha
Makhleb
Nemelex Xobeh
Okawaru
Qazlal
Ru
Sif Muna
Trog
Uskayaw
Vehumet
Wu Jian
Xom
Yredelemnul
Zin
The Shining One
Beogh
Jiyva

Shops:
Orc:2 ([![

Annotations:
D:7 2 transporters, wotkd0121004's ghost, novice OpEE
D:11 exclusion: 2 oklob plants
Lair:5 exclusion: 4 oklob plants


Innate Abilities, Weirdness & Mutations

You have very sharp fingernails.
You are mostly covered in thin metallic scales. (AC +3)
Your flesh is cold resistant. (rC+)
A weak demonic guardian rushes to your aid.
You sometimes gain power by taking damage.


Message History

Your quasit misses the red devil. The troll bites you. The troll claws you!
The troll claws you. The orc sorcerer barely misses you.
The orc closely misses you.
The orc wizard gestures wildly while chanting.
The orc wizard blinks!
You hear a shout!
You hit the orc sorcerer but do no damage.
The orc sorcerer is almost dead.
The rust devil hits you.
* * * LOW HITPOINT WARNING * * *
The rust devil corrodes you! Something hits you.
* * * LOW HITPOINT WARNING * * *
The orc wizard casts a spell.
The orc wizard seems to speed up.
Your quasit bites the red devil.
Your quasit barely misses the red devil.
Your quasit claws the red devil.
The red devil hits you from afar with a +0 trident!!
* * * LOW HITPOINT WARNING * * *
The red devil hits you from afar with a +0 trident!
You die...

. ...................... #
#######..######......♣
#.._..#..# #..#.... ###
#.....#..# #.......
...#.[)).#..# #.......
#.###'###..# #.......
#...)[o.54.##'###.......
#..8..48o..oooo.........
###..).oo@{o.##'###.......
........{To.[.# #.......
####.###o###4.# #.......
#. #.# #)[# #....... #
##.###).######.......
.......[..............
.o.........5..........
################......
#......


You could see a rust devil, a troll, an orc sorcerer, 2 red devils, 2 orc
warriors, 3 orc wizards, 5 orcs and a friendly quasit.

Vanquished Creatures
  Jorgrun (Orc:1)
  A dire elephant (Lair:6)
  Snorg (Lair:6)
  A fire dragon (Lair:6)
  An ogre mage (Volcano)
  A hydra (Lair:5)
  A catoblepas (Lair:6)
  An anaconda (Lair:5)
  A queen ant (Lair:2)
  The ghost of qfra19945 the Cleaver, a novice MiBe of Trog (D:9)
  11 death yaks
  7 two-headed ogres
  An orc high priest (Orc:2)
  The ghost of robertstho the Skirmisher, a novice DsAK of Lugonu (D:9)
  2 fire crabs (Lair:6)
  A hell knight (Volcano)
  A swamp dragon (Lair:6)
  A cyclops (D:10)
  The ghost of shukka the Thaumaturge, a novice DECj (D:9)
  2 orc sorcerers (Orc:2)
  11 elephants (Lair:3)
  A gargoyle (D:11)
  A torpor snail (Lair:4)
  4 black mambas
  11 spiny frogs
  3 rime drakes (Lair:6)
  10 komodo dragons
  5 trolls
  10 polar bears
  5 dream sheep
  21 blink frogs
  3 hippogriffs
  2 raiju (Lair:6)
  Sigmund (D:3)
  42 yaks
  4 hogs (D:9)
  A human (D:9)
  2 wyverns
  3 basilisks
  A steam dragon (Lair:6)
  6 fire bats (Volcano)
  10 wargs
  Edmund (D:4)
  19 water moccasins
  5 nagas (Lair:4)
  16 soldier ants (Lair:2)
  3 acid dragons
  14 black bears
  15 hell hounds (Lair:6)
  2 ice beasts
  11 porcupines
  3 swamp drakes (Lair:6)
  2 sky beasts
  17 orc warriors
  10 ogres
  12 centaurs
  19 wolves
  16 crocodiles
  4 big kobolds
  14 bullfrogs
  A gnoll sergeant (D:8)
  4 scorpions
  A wyvern skeleton (D:10)
  A water moccasin skeleton (D:7)
  8 killer bees
  4 howler monkeys
  5 lava snakes (Volcano)
  5 crimson imps
  10 jellies
  4 hounds
  A quasit (D:7)
  A bullfrog zombie (D:9)
  18 orc priests
  A bullfrog skeleton (D:7)
  3 centaur skeletons
  2 iguanas (Lair:6)
  Ijyb (D:3)
  31 orc wizards
  4 hell rats (Lair:6)
  30 worker ants
  2 worker ant zombies
  3 gnolls (D:8)
  16 adders
  3 shadow imps
  An ooze (Lair:5)
  3 adder skeletons
  3 worms (D:2)
  2 dart slugs
  8 leopard geckos
  94 orcs
  6 giant cockroaches
  12 goblins
  9 hobgoblins
  2 jackals (D:5)
  8 quokkas
  4 ball pythons
  A ball python skeleton (D:4)
  7 bats
  5 frilled lizards
  A jackal skeleton (D:4)
  28 kobolds
  2 quokka zombies
  5 rats
  2 plants (Lair:6)
740 creatures vanquished.

Vanquished Creatures (collateral kills)
  2 spiny frogs
  2 komodo dragons
  A blink frog (Lair:6)
  A hippogriff (Lair:5)
  4 yaks
  A basilisk (Lair:2)
  A naga (Lair:4)
  A soldier ant (Lair:2)
  A porcupine (Lair:4)
  A centaur (D:11)
  A crocodile (Lair:5)
  2 killer bees (D:10)
  A howler monkey (D:11)
  A crimson imp (D:11)
  An orc wizard (Orc:2)
  A worker ant (Lair:2)
  An adder (D:10)
  A shadow imp (D:11)
  3 orcs
27 creatures vanquished.

Vanquished Creatures (others)
  An orc (D:9)
  4 fungi
  28 plants
  2 withered plants (D:9)
35 creatures vanquished.

Grand Total: 802 creatures vanquished

Notes
Turn   | Place    | Note
-------+----------+-------------------------------------------
     0 | D:1      | BlueFish the Demonspawn Gladiator began the quest for the
                  | Orb.
     0 | D:1      | Reached XP level 1. HP: 16/16 MP: 1/1
   233 | D:1      | Gained mutation: You sometimes gain a little power by
                  | taking damage. [demonic ancestry]
   233 | D:1      | Reached XP level 2. HP: 16/22 MP: 2/2
  1110 | D:2      | Gained mutation: You have sharp fingernails. [demonic
                  | ancestry]
  1110 | D:2      | Reached XP level 3. HP: 21/28 MP: 3/3
  1644 | D:2      | Reached skill level 3 in Fighting
  1644 | D:2      | Reached skill level 1 in Armour
  1810 | D:2      | Gained mutation: You are partially covered in thin metallic
                  | scales. (AC +2) [demonic ancestry]
  1810 | D:2      | Reached XP level 4. HP: 34/35 MP: 4/4
  2769 | D:3      | Noticed Sigmund
  2788 | D:3      | Killed Sigmund
  2788 | D:3      | Reached skill level 4 in Fighting
  2788 | D:3      | Reached XP level 5. HP: 33/42 MP: 5/5
  2788 | D:3      | Reached XP level 6. HP: 38/48 MP: 6/6
  2948 | D:3      | Found a shimmering altar of Xom,
  3006 | D:3      | Found an ornate altar of the Wu Jian Council,
  3010 | D:3      | Noticed Ijyb
  3023 | D:3      | Killed Ijyb
  3161 | D:3      | Found a snail-covered altar of Cheibriados,
  3301 | D:3      | Found a white marble altar of Elyvilon,
  3301 | D:3      | Found a shattered altar of Ashenzari,
  3535 | D:4      | Reached skill level 1 in Stealth
  3784 | D:4      | Noticed Edmund
  3810 | D:4      | Killed Edmund
  3810 | D:4      | Reached XP level 7. HP: 14/55 MP: 7/7
  4108 | D:4      | Reached skill level 5 in Fighting
  4551 | D:4      | Found a staircase to the Ecumenical Temple,
  4557 | Temple   | Entered the Ecumenical Temple
  5352 | D:5      | Entered Level 5 of the Dungeon
  5373 | D:5      | Reached skill level 5 in Maces & Flails
  5517 | D:5      | Found a sacrificial altar of Ru,
  5786 | D:5      | Reached XP level 8. HP: 50/63 MP: 8/8
  6403 | D:5      | Reached skill level 6 in Fighting
  6582 | D:5      | Found a burning altar of Makhleb,
  6583 | D:5      | Found a radiant altar of Vehumet,
  6661 | D:5      | Reached skill level 5 in Dodging
  7007 | D:6      | Found an ancient bone altar of Kikubaaqudgha,
  7550 | D:6      | Reached XP level 9. HP: 60/71 MP: 9/9
  8190 | D:7      | Found a bloodstained altar of Trog,
  8193 | D:7      | Got a smoking long sword
  8320 | D:7      | Found a stormy altar of Qazlal,
  8583 | D:7      | Reached skill level 7 in Fighting
  8614 | D:7      | Found a transporter,
  8614 | D:7      | Identified the cursed +3 dire flail of Kikoe {venom, rN++
                  | MP+9 Dex+2}
  8614 | D:7      | Identified the +10 great mace "Qoxaofi" {pain, Int+4}
  8614 | D:7      | Noticed a two-headed ogre
  8614 | D:7      | Noticed wotkd0121004's ghost (novice OpEE)
  8629 | D:7      | Found a transporter,
  8907 | D:7      | Got a brightly glowing leather armour
  8919 | D:7      | Identified the +3 leather armour "Mesirph" {rN+++ Regen+
                  | Str-2 Int-2} (You found it on level 7 of the Dungeon)
  9418 | D:8      | Found a sparkling altar of Nemelex Xobeh,
  9778 | D:7      | Reached skill level 8 in Fighting
 10060 | D:8      | Gained mutation: You sometimes gain power by taking damage.
                  | [demonic ancestry]
 10060 | D:8      | Reached XP level 10. HP: 76/80 MP: 10/10
 10872 | D:8      | Found a glowing golden altar of the Shining One,
 11200 | D:9      | Reached skill level 5 in Armour
 11412 | D:9      | Reached skill level 9 in Fighting
 11599 | D:5      | Became a worshipper of Makhleb the Destroyer
 11700 | D:9      | Found a staircase to the Lair,
 12188 | D:9      | Reached skill level 10 in Fighting
 12305 | D:9      | Gained mutation: A weak demonic guardian rushes to your
                  | aid. [demonic ancestry]
 12305 | D:9      | Reached XP level 11. HP: 76/90 MP: 11/11
 12417 | D:9      | Found a staircase to the Orcish Mines,
 12431 | D:9      | Found a roughly hewn altar of Beogh,
 12449 | D:9      | Reached * piety under Makhleb
 12485 | D:9      | Found a runed translucent gate,
 12485 | D:9      | Found a runed translucent gate,
 12486 | D:9      | Found a runed translucent gate,
 12487 | D:9      | Noticed shukka's ghost (novice DECj)
 12487 | D:9      | Noticed robertstho's ghost (novice DsAK)
 12488 | D:9      | Noticed qfra19945's ghost (novice MiBe)
 12896 | D:9      | Killed robertstho's ghost
 13060 | D:9      | Killed shukka's ghost
 13318 | D:10     | Entered Level 10 of the Dungeon
 13871 | D:10     | Learned a level 4 spell: Cause Fear
 14021 | D:10     | Reached skill level 10 in Maces & Flails
 14203 | D:10     | Reached ** piety under Makhleb
 14240 | D:11     | Noticed a two-headed ogre
 14258 | D:10     | Killed a two-headed ogre
 14258 | D:10     | Reached skill level 1 in Hexes
 14335 | D:11     | Noticed a two-headed ogre
 14344 | D:11     | Killed a two-headed ogre
 14344 | D:11     | Reached skill level 11 in Fighting
 14907 | D:11     | Found a blossoming altar of Fedhas,
 14910 | D:11     | Noticed an oklob plant
 14910 | D:11     | Noticed an oklob plant
 15402 | D:9      | Killed qfra19945's ghost
 15402 | D:9      | Gained mutation: You are mostly covered in thin metallic
                  | scales. (AC +3) [demonic ancestry]
 15402 | D:9      | Reached XP level 12. HP: 31/100 MP: 12/12
 15416 | Lair:1   | Entered Level 1 of the Lair of Beasts
 15442 | Lair:1   | Reached *** piety under Makhleb
 15680 | Lair:1   | Found a dark tunnel,
 15708 | Volcano  | Entered a volcano
 15894 | Volcano  | Noticed a two-headed ogre
 15894 | Volcano  | Noticed a two-headed ogre
 15895 | Volcano  | Noticed a two-headed ogre
 15895 | Volcano  | Noticed a two-headed ogre
 15895 | Volcano  | Noticed an ogre mage
 15915 | Volcano  | Killed a two-headed ogre
 15922 | Volcano  | Noticed a two-headed ogre
 15932 | Volcano  | Killed a two-headed ogre
 15933 | Volcano  | Killed a two-headed ogre
 15933 | Volcano  | Reached skill level 1 in Evocations
 15945 | Volcano  | Killed a two-headed ogre
 15946 | Volcano  | Killed a two-headed ogre
 15960 | Volcano  | Killed an ogre mage
 16131 | Volcano  | Found a radiant altar of Vehumet,
 16169 | Volcano  | Found a bloodstained altar of Trog,
 16631 | Lair:1   | Reached skill level 12 in Fighting
 17386 | Lair:2   | Reached **** piety under Makhleb
 17512 | Lair:2   | Noticed a queen ant
 17917 | Lair:2   | Reached skill level 1 in Invocations
 17917 | Lair:2   | Gained mutation: You have very sharp fingernails. [demonic
                  | ancestry]
 17917 | Lair:2   | Reached XP level 13. HP: 108/108 MP: 13/13
 18155 | Lair:2   | Found a staircase to the Swamp,
 18294 | Lair:2   | Found a white marble altar of Elyvilon,
 18856 | Lair:3   | Reached ***** piety under Makhleb
 19697 | Lair:3   | Identified a scroll of acquirement
 19771 | Lair:4   | Reached skill level 5 in Hexes
 19891 | Lair:4   | Got a scorched chain mail
 20092 | Lair:4   | Reached skill level 13 in Fighting
 20398 | Lair:4   | Found a staircase to the Snake Pit,
 20791 | Lair:5   | Reached skill level 10 in Armour
 21049 | Lair:5   | Found a runed translucent door,
 21050 | Lair:5   | Found a viscous altar of Jiyva,
 21051 | Lair:5   | Found a staircase to the Slime Pits,
 21266 | Lair:5   | Reached XP level 14. HP: 105/118 MP: 15/15
 21725 | Lair:5   | Upgraded the game from 0.25-a0-690-g234afa5 to
                  | 0.25-a0-697-g890751e
 21746 | Lair:6   | Entered Level 6 of the Lair of Beasts
 21787 | Lair:6   | Reached ****** piety under Makhleb
 21955 | Lair:5   | HP: 3/118 [yak (7)]
 22263 | Lair:6   | Noticed Snorg
 22296 | Lair:6   | Killed Snorg
 23103 | Lair:6   | Found a burning altar of Makhleb,
 23150 | Lair:6   | Reached skill level 14 in Fighting
 24380 | Orc:1    | Entered Level 1 of the Orcish Mines
 24697 | Orc:1    | Noticed Jorgrun
 24717 | Orc:1    | Killed Jorgrun
 24717 | Orc:1    | Gained mutation: Your flesh is cold resistant. (rC+)
                  | [demonic ancestry]
 24717 | Orc:1    | Reached XP level 15. HP: 127/127 MP: 17/17
 24781 | Orc:2    | Entered Level 2 of the Orcish Mines
 24833 | Orc:2    | Found Zounaop's Antique Armour Emporium,
 24881 | Orc:2    | Found Reusaqaiq's Antique Weapon Emporium,
 24883 | Orc:2    | Found a staircase to the Elven Halls,
 24920 | Orc:2    | Bought a pair of brightly glowing boots for 199 gold pieces
 24930 | Orc:2    | Identified the +1 pair of boots of Kindness {+Inv rF- Str+9
                  | Int-4} (You bought it in a shop on level 2 of the Orcish
                  | Mines)
 24966 | Orc:2    | Found Hesiaghe's Distillery,
 25025 | Orc:2    | Found Etoegg's Armour Shoppe,
 25642 | Orc:2    | Found a roughly hewn altar of Beogh,
 25697 | Orc:2    | Paralysed by an orc sorcerer for 3 turns
 25710 | Orc:2    | Slain by a red devil

Levels and vault maps discovered:
D:1:      ncdulo_smallfort, layout_rooms, minmay_tripent
D:2:      layout_rooms, dk_noncrumbling_4
D:3:      layout_basic, nicolae_overflow_crystal_walls, lemuel_doored_altar,
          overflow_temple_1_default, chequers_temple_overflow_statue_of_worship,
          uniq_sigmund, uniq_ijyb
D:4:      layout_basic, temple_doors_e, first_ration, uniq_edmund
D:5:      layout_loops_corners, grunt_temple_overflow_lords_of_destruction,
          lemuel_crystal_altar, minmay_misc_feat_enclosed, minmay_ogre_servants
D:6:      layout_loops_ring, kiku_gazebo_pond_becter
D:7:      layout_loops_ring, amethyst_overflow_temple_binary,
          gammafunk_ghost_smash
D:8:      layout_layer_cave, nemelex_xobeh_ov_fountains_minmay,
          kennysheep_little_box
D:9:      layout_basic, minmay_lair_entry_grove, minmay_orc_entry_temple_small,
          gammafunk_ghost_cemetery, grunt_livestock,
          eino_small_chamber_without_monster
D:10:     layout_loops_ring
D:11:     layout_layer_cave, hangedman_tree_tricks
Temple:   compressed_dpeg_triangle_lava_temple
Lair:1:   layout_gridlike, nicolae_volcano_entry_hallway,
          eino_small_chamber_without_monster, chequers_serial_rivers_small_a
Lair:2:   layout_layer_cave, swamp_mist, basic_altar, zaba_anthell,
          grunt_megastairs_5
Lair:3:   layout_loops_ring, chequers_serial_rivers_room_b,
          infiniplex_staircase_pool_2
Lair:4:   layout_cave_shapes, minmay_snake_entry_guardpost_medium
Lair:5:   beast_lair_carwin_large_3, layout_small_grid, slime_altar_2,
          serial_forest, infiniplex_forest_zigzag_1, infiniplex_forest_end_1,
          infiniplex_forest_side_room, infiniplex_forest_3_way,
          infiniplex_forest_lined_2, infiniplex_forest_straight_3,
          infiniplex_forest_end_3, infiniplex_forest_lined_room_,
          minmay_lair_oklob_chamber
Lair:6:   hangedman_lair_caniforms_friends, layout_regular_city,
          guppyfry_lair_end_dragon, basic_altar, uniq_snorg
Orc:1:    layout_caves, uniq_jorgrun
Orc:2:    st_orc_town, layout_diamond_mine, serial_shops, nicolae_shop_stone,
          nicolae_shop_trees, shop, shop_fountains, shop_statue

Skill      XL: |  1  2  3  4  5  6  7  8  9 10 11 12 13 14 |
---------------+-------------------------------------------+-----
Maces & Flails | 3 4 5 6 8 9 10 12 13 | 13.8
Dodging        | 3 4 5 6 |  6.8
Fighting       | 3 4 5 6 8 10 11 12 13 14 | 14.7
Armour         | 1 2 3 4 5 6 8 10 11 | 11.9
Stealth        | 1 2 3 4 |  4.2
Hexes          | 2 4 5 6 |  6.8
Evocations     | 1 |  1.0
Invocations    | 1 3 |  3.8
Throwing       | |  1.9

Action                   |  1- 3 |  4- 6 |  7- 9 | 10-12 | 13-15 || total
-------------------------+-------+-------+-------+-------+-------++-------
Melee: Flail             |    15 |       |       |       |       ||    15
       Whip              |   144 |   277 |   739 |  1525 |   408 ||  3093
       Demon whip        |       |       |       |       |  1173 ||  1173
Invok: Minor Destruction |       |       |       |     4 |     1 ||     5
       Lesser Servant of |       |       |       |     1 |     1 ||     2
Evoke: Wand              |       |       |       |     8 |       ||     8
       Lightning rod     |       |       |       |     7 |       ||     7
  Use: Scroll            |     1 |     4 |    13 |     8 |     4 ||    30
       Potion            |       |     2 |       |     1 |       ||     3
 Stab: Sleeping          |       |     2 |     6 |     1 |       ||     9
       Distracted        |       |       |       |     9 |     7 ||    16
  Eat: Chunk             |     3 |     7 |    20 |    26 |    26 ||    82
Armor: Leather armour    |    26 |    83 |   127 |       |       ||   236
       Chain mail        |       |       |   146 |    42 |       ||   188
       Troll leather arm |       |       |       |    85 |       ||    85
       Crystal plate arm |       |       |       |   681 |  1073 ||  1754
Dodge: Dodged            |   101 |   133 |   417 |   427 |   336 ||  1414
       Deflected         |       |       |     8 |    14 |     6 ||    28

Table legend:
 A = Non-vault XP
 B = Vault XP
 C = Vault XP percentage of total XP
 D = Non-vault monster count
 E = Vault monster count
 F = Vault count percentage of total count
                 A         B        C        D         E       F
            +---------+---------+-------+---------+---------+-------
      Total |   66271 |   43517 |  39.6 |     537 |     228 |  29.8
            +---------+---------+-------+---------+---------+-------
        D:1 |      26 |       2 |   7.1 |      15 |       2 |  11.8
        D:2 |      99 |       0 |   0.0 |      20 |       0 |   0.0
        D:3 |     183 |     258 |  58.5 |      31 |       2 |   6.1
        D:4 |     449 |     171 |  27.6 |      25 |       1 |   3.8
        D:5 |     797 |     185 |  18.8 |      36 |      10 |  21.7
        D:6 |    1058 |       0 |   0.0 |      22 |       0 |   0.0
        D:7 |    1097 |       0 |   0.0 |      31 |       0 |   0.0
        D:8 |    1829 |     189 |   9.4 |      40 |       1 |   2.4
        D:9 |    2479 |    5013 |  66.9 |      27 |      26 |  49.1
       D:10 |    3839 |       0 |   0.0 |      46 |       0 |   0.0
       D:11 |    4353 |       0 |   0.0 |      35 |       0 |   0.0
     Lair:1 |    4158 |       0 |   0.0 |      25 |       0 |   0.0
     Lair:2 |    3366 |    4412 |  56.7 |      18 |      43 |  70.5
     Lair:3 |    8356 |       0 |   0.0 |      27 |       0 |   0.0
     Lair:4 |    5546 |     966 |  14.8 |      23 |       6 |  20.7
     Lair:5 |   14383 |    4608 |  24.3 |      41 |      18 |  30.5
     Lair:6 |   10942 |   15040 |  57.9 |      33 |      70 |  68.0
      Orc:1 |    1362 |    2871 |  67.8 |      13 |       1 |   7.1
      Orc:2 |    1949 |    2249 |  53.6 |      29 |      30 |  50.8
    Volcano |       0 |    7553 | 100.0 |       0 |      18 | 100.0
            +---------+---------+-------+---------+---------+-------
